[Event "Mitropa Cup Open 2022"]
[Site "Corte"]
[Date "2022.05.06"]
[Round "7.3"]
[White "Mica, Marek"]
[Black "Lodici, Lorenzo"]
[Result "1/2-1/2"]
[ECO "A05"]
[WhiteElo "2343"]
[BlackElo "2549"]
[Annotator "TA"]
[PlyCount "104"]
[EventDate "2022.04.30"]
[EventType "team-tourn"]
[EventCountry "FRA"]
[SourceTitle "playchess.com"]
[Source "ChessBase"]
[SourceQuality "1"]
[WhiteTeam "Czech Republic"]
[BlackTeam "Italy"]
[WhiteTeamCountry "CZE"]
[BlackTeamCountry "ITA"]
[TimeControl "40/5400+30:1800+30"]

1. Nf3 Nf6 2. g3 d5 3. Bg2 c6 4. O-O Bf5 5. c4 e6 6. Qb3 Qb6 7. d3 {[%emt 0:00:10] A11: English Opening: 1...c6.} Bc5 {[%emt 0:02:51] Prevents Be3.} 8. Nc3 Nbd7 9. Nh4 {[#] White is slightly better.} Bg4 $146 ({Predecessor:} 9... Bg6 10. Nxg6 hxg6 11. Qxb6 axb6 12. cxd5 exd5 13. Bd2 b5 14. e3 Ne5 15. d4 Nc4 16. dxc5 Nxd2 17. Rfd1 {½-½ (17) Smyslov,V (2600)-Nikolic,P (2575) Ljubljana 1985}) 10. h3 {[%emt 0:06:49] [#] Hoping for Qxb6.} Bh5 11. g4 Bg6 12. Na4 Qxb3 13. axb3 Be7 14. f4 Ng8 15. Nxg6 hxg6 16. Be3 {[%emt 0:01:31] Against Nc5} Ngf6 17. Bd4 Bd6 18. e4 {[%emt 0:09:38] The position is equal.} dxe4 19. dxe4 {[%emt 0:00:28] [#] aiming for e5.} e5 $1 20. Nb6 Rd8 (20... exd4 21. Nxa8 d3 22. Rf3 $14) ({Don't take} 20... Nxb6 21. fxe5 c5 22. Bc3 Nxg4 23. exd6 $16) 21. Nxd7 Nxd7 22. fxe5 ({But not} 22. Bxa7 exf4 23. Bf2 g5 $15) 22... Bxe5 23. Bxe5 Nxe5 24. Rxa7 Rd7 25. Ra8+ Rd8 26. Ra7 Rb8 27. Rd1 Ke7 28. Kf2 Rhd8 29. Rxd8 Kxd8 $11 {[%emt 0:00:01][%mdl 4096] Endgame KRB-KRN} 30. Bf1 Kc7 31. c5 Rd8 32. Ke3 {[%emt 0:02:51] Prevents Rd2.} Kb8 33. Ra1 g5 34. b4 Rh8 35. Ra5 Rd8 36. Be2 Rh8 37. Bf1 Rd8 38. Be2 f6 39. b5 cxb5 40. Rxb5 Kc7 41. Ra5 Rh8 42. Bf1 Rxh3+ 43. Bxh3 Nc4+ 44. Kd4 Nxa5 {[%emt 0:00:02] KB-KN} 45. Kd5 Nc6 {[%emt 0:00:16] Against e5} 46. Bf1 Ne5 47. Be2 Ng6 {[%emt 0:00:00] Strongly threatening ...Nf4+.} 48. Bd1 Nf4+ 49. Kd4 Ne6+ 50. Kd5 Nf4+ 51. Kd4 Ne6+ 52. Kd5 Nf4+ {[%emt 0:00:00] Weighted Error Value: White=0.01 (flawless) /Black=0.02 (flawless)} 1/2-1/2

[Event "Mitropa Cup Open 2022"]
[Site "Corte"]
[Date "2022.05.06"]
[Round "7.4"]
[White "Gallagher, Joseph G."]
[Black "Csiki, Endre"]
[Result "1-0"]
[ECO "B53"]
[WhiteElo "2441"]
[BlackElo "2399"]
[Annotator "TA"]
[PlyCount "69"]
[EventDate "2022.04.30"]
[EventType "team-tourn"]
[EventCountry "FRA"]
[SourceTitle "playchess.com"]
[Source "ChessBase"]
[SourceQuality "1"]
[WhiteTeam "Switzerland"]
[BlackTeam "Hungary"]
[WhiteTeamCountry "SUI"]
[BlackTeamCountry "HUN"]
[TimeControl "40/5400+30:1800+30"]

1. e4 c5 2. Nf3 d6 3. d4 cxd4 4. Qxd4 Nc6 5. Bb5 Bd7 6. Qd3 Nf6 {[%emt 0:01:14] 6...g6 is more fashionable.} 7. c4 {[%emt 0:00:14] B53: Sicilian: 2...d6: Lines with Qxd4.} g6 8. Nc3 Bg7 9. O-O {[%emt 0:00:08] The position is equal.} O-O 10. h3 a6 11. Bxc6 Bxc6 12. Nd4 {[%emt 0:01:26] Inhibits b5.} Nd7 13. Be3 Nc5 14. Qc2 Bd7 15. Rac1 Rc8 16. Qd2 {[%emt 0:14:36] [#]} f5 $146 ({Predecessor:} 16... Qe8 17. Nde2 b5 18. b4 Ne6 19. cxb5 Bxb5 20. Nd5 Rb8 21. Rfe1 Rb7 22. Nd4 Nxd4 23. Bxd4 Bxd4 24. Qxd4 {1-0 (55) Zvjaginsev,V (2683)-Frolyanov,D (2564) Tiumen 2012}) 17. exf5 gxf5 18. b4 Ne4 19. Nxe4 fxe4 20. Bh6 e5 21. Ne2 {[%emt 0:02:12][%cal Bd4e2,Be2g3,Bg3e4,Be4d6][%mdl 32] aiming for Bxg7.} Be6 22. Bg5 Qd7 23. Ng3 Bxc4 24. Rfe1 h6 $2 (24... d5 $11) 25. Bxh6 $18 Bxh6 26. Qxh6 d5 {[%emt 0:01:36] [#]} 27. Nxe4 $1 {[%emt 0:02:53] Chess con chili.} Qf5 $2 (27... Rc6 28. Qg5+ Qg7) 28. Nd6 $1 Qxf2+ 29. Kh1 e4 30. Qg6+ Kh8 31. Qh6+ $40 {[%emt 0:00:03][%mdl 128] White mounts an attack.} Kg8 32. Nxc8 {[%emt 0:00:15] White threatens Ne7+ and mate. White is clearly winning.} Rf6 33. Ne7+ Kf7 34. Qh7+ Ke6 {[%emt 0:00:14] [#]} 35. Rxe4+ $1 {[%emt 0:00:44] Weighted Error Value: White=0.22 (precise) /Black=0.46} 1-0

[Event "Mitropa Cup Open 2022"]
[Site "Corte"]
[Date "2022.05.06"]
[Round "7.4"]
[White "Di Benedetto, Edoardo"]
[Black "Frank, Adam"]
[Result "1/2-1/2"]
[ECO "E62"]
[WhiteElo "2401"]
[BlackElo "2284"]
[Annotator "TA"]
[PlyCount "95"]
[EventDate "2022.04.30"]
[EventType "team-tourn"]
[EventCountry "FRA"]
[SourceTitle "playchess.com"]
[Source "ChessBase"]
[SourceQuality "1"]
[WhiteTeam "Italy"]
[BlackTeam "Czech Republic"]
[WhiteTeamCountry "ITA"]
[BlackTeamCountry "CZE"]
[TimeControl "40/5400+30:1800+30"]

1. d4 Nf6 2. c4 g6 3. g3 Bg7 4. Bg2 d6 5. Nf3 O-O 6. O-O Nc6 7. Nc3 Bf5 8. Nh4 Bd7 9. b3 {[%emt 0:00:41] 9.f4 is the modern continuation.} a6 {[%emt 0:07:40] is the legacy move (9...a5).} 10. Bb2 Rb8 11. d5 {[%emt 0:06:20] E63: King's Indian: Fianchetto: Panno Variation with 7...a6.} Na5 {[%emt 0:02:13] [#]} 12. Ne4 $146 ({Predecessor:} 12. Qd2 c5 13. dxc6 bxc6 14. e4 c5 15. Rfe1 Nc6 16. Nd5 e5 17. Nxf6+ Qxf6 18. f4 Nd4 {1-0 (37) Smirnov,V (2261)-Mochalov,E (2374) Minsk 2018}) 12... Nxe4 13. Bxg7 {[%emt 0:00:09] White has an edge.} Kxg7 14. Bxe4 c5 15. f4 b5 16. Bd3 (16. Qd2 {keeps more tension.} Bh3 17. Rfb1 f6 18. Qd3) 16... bxc4 17. bxc4 e6 18. dxe6 Bxe6 19. Qd2 {[%emt 0:42:31] [#] Black must now prevent f5.} f5 $1 (19... Nxc4 $2 20. Bxc4 Bxc4 21. Qc3+ Kg8 22. Qxc4 $18) 20. Qc3+ Kg8 21. Rab1 {[%emt 0:00:09] Against Rb4} Qc7 {[%emt 0:10:55] [#]} (21... Rb4 $11 {keeps the balance.}) 22. Nf3 (22. Rxb8 $1 $16 Rxb8 23. g4) 22... Nc6 $11 23. Ng5 Qe7 24. a3 h6 25. Nf3 Qg7 (25... Bf7 {is more complex.} 26. Kg2 Qe3 27. Rfd1 Rfe8) 26. Qxg7+ Kxg7 {[%emt 0:01:01] The position is equal.} 27. Kf2 Kf6 28. Nd2 Na5 29. e4 Nc6 30. Rfe1 Nd4 31. Ke3 Bd7 32. Rxb8 Rxb8 33. Rb1 Rxb1 34. Nxb1 fxe4 35. Bxe4 {[%emt 0:00:15][%mdl 4096] Endgame KBN-KBN} Bf5 36. Nc3 Nc2+ 37. Kd3 Nxa3 38. Nd5+ Ke6 $1 {[%emt 0:00:15] Hoping for ...Bxe4+.} 39. Bxf5+ gxf5 {[%emt 0:00:14] KN-KN} 40. Ne3 h5 41. Kc3 Nb1+ 42. Kc2 Na3+ 43. Kb3 Nb5 44. cxb5 axb5 45. Nc2 Kd5 46. Na3 Kc6 47. Nc2 {[%emt 0:00:00] Ne3 is the strong threat.} Kd5 48. Na3 {[%emt 0:00:00] Weighted Error Value: White=0.08 (flawless) /Black=0.08 (flawless)} 1/2-1/2

[Event "Mitropa Cup Open 2022"]
[Site "Corte"]
[Date "2022.05.06"]
[Round "7.5"]
[White "Koellner, Ruben Gideon"]
[Black "Pechac, Jergus"]
[Result "1/2-1/2"]
[ECO "D02"]
[WhiteElo "2440"]
[BlackElo "2597"]
[Annotator "TA"]
[PlyCount "56"]
[EventDate "2022.04.30"]
[EventType "team-tourn"]
[EventCountry "FRA"]
[SourceTitle "playchess.com"]
[Source "ChessBase"]
[SourceQuality "1"]
[WhiteTeam "Germany"]
[BlackTeam "Slovakia"]
[WhiteTeamCountry "GER"]
[BlackTeamCountry "SVK"]
[TimeControl "40/5400+30:1800+30"]

1. d4 d5 2. Nf3 Nf6 3. Bf4 c5 4. e3 Nc6 5. Nbd2 Nh5 6. dxc5 {[%emt 0:04:09] D02: 1 d4 d5 2 Nf3 sidelines, including 2...Nf6 3 g3 and 2...Nf6 3 Bf4.} Nxf4 7. exf4 {[%emt 0:00:09] [#]} a5 $146 ({Predecessor:} 7... g6 8. c3 Bg7 9. Bb5 O-O 10. O-O d4 11. Bxc6 dxc3 12. bxc3 bxc6 13. Ne5 Bxe5 14. fxe5 {0-1 (43) Maghsoodloo,P (2701)-Dubov,D (2711) Chess.com INT 2022}) 8. a4 {[%emt 0:04:06] White has an edge.} g6 9. Bb5 Bg7 10. Ne5 Qc7 11. Ndf3 f6 12. Nd3 ({Much worse is} 12. Qxd5 fxe5 13. Nxe5 Bxe5 14. Qxe5 Qxe5+ 15. fxe5 O-O 16. Bxc6 bxc6 $17) 12... O-O 13. c4 d4 (13... dxc4 {should be considered.} 14. Bxc4+ Kh8) 14. O-O e5 {[%emt 0:01:13] aiming for ...e4.} 15. Re1 {[%emt 0:03:42] Black should prevent Bxc6.} Nb4 {[%emt 0:13:33] The position is equal.} 16. fxe5 {[%emt 0:09:38] Black must now prevent Nxb4.} Nxd3 {[%emt 0:01:07][%mdl 64] [#] Remove Defender} 17. Qxd3 {[%emt 0:00:10] Strongly threatening e6.} fxe5 18. Qe4 Bf5 $1 19. Qd5+ Kh8 20. Qd6 ({But not} 20. Nxe5 $2 Rad8 21. Bd7 Bxe5 22. Qxe5+ Qxe5 23. Rxe5 Rxd7 $19) 20... Rac8 21. Nxe5 Qxc5 22. Qxc5 Rxc5 23. Nd7 $36 {[%emt 0:05:13][%mdl 2048] White has the initiative.} Bxd7 24. Bxd7 Rxc4 25. Bb5 Rb4 26. Re2 d3 27. Bxd3 Bxb2 28. Rf1 Bd4 {[%emt 0:01:38] A balanced but interesting game.  Weighted Error Value: White=0.05 (flawless) /Black=0.04 (flawless)} 1/2-1/2

[Event "Mitropa Cup Open 2022"]
[Site "Corte"]
[Date "2022.05.06"]
[Round "7.5"]
[White "Piscopo, Pierluigi"]
[Black "Blohberger, Felix"]
[Result "1-0"]
[ECO "B93"]
[WhiteElo "2347"]
[BlackElo "2510"]
[Annotator "TA"]
[PlyCount "85"]
[EventDate "2022.04.30"]
[EventType "team-tourn"]
[EventCountry "FRA"]
[SourceTitle "playchess.com"]
[Source "ChessBase"]
[SourceQuality "1"]
[WhiteTeam "France"]
[BlackTeam "Austria"]
[WhiteTeamCountry "ITA"]
[BlackTeamCountry "AUT"]
[TimeControl "40/5400+30:1800+30"]

1. e4 c5 2. Nf3 d6 3. d4 cxd4 4. Nxd4 Nf6 5. Nc3 a6 6. f4 e5 7. Nf3 Nbd7 8. a4 Be7 9. Bc4 O-O 10. O-O Qc7 {[%emt 0:04:00] B93: Sicilian Najdorf: 6 f4.} 11. Ba2 b6 {[%emt 0:13:59] [#]} 12. Nh4 $146 ({Predecessor:} 12. fxe5 dxe5 13. Bg5 Bb7 14. Qe2 Rac8 15. Nh4 Bb4 16. Nf5 Bxc3 17. bxc3 Rce8 18. Nh6+ gxh6 19. Bxf6 Nxf6 20. Rxf6 {1-0 (45) Koepke,C-Petzold,L Friedrichroda 1997}) 12... Bb7 {[%emt 0:16:05] White has an edge.} 13. Nf5 Nc5 (13... Rae8 $14) 14. fxe5 $16 dxe5 15. Nd5 Bxd5 16. Bxd5 Rad8 (16... Ncxe4 $2 17. Bxe4 Nxe4 18. Qg4 Bc5+ 19. Kh1 $18) 17. Qf3 Nxd5 18. exd5 f6 19. a5 b5 20. c4 $40 {[%emt 0:12:40][%mdl 128] White is up to no good.} (20. b4 $16) 20... bxc4 $14 {[%emt 0:02:34] White must now prevent ...Nb3.} 21. Qg4 $1 Bd6 22. Qxc4 {[%emt 0:00:53] Strongly threatening b3. White is more active.} e4 $2 {[%emt 0:07:36] A mistake that costs the game.} (22... Ne6 $1 $14 23. b3 Qxc4 24. bxc4 Bc5+ 25. Be3 Bxe3+ 26. Nxe3 Nc5) 23. Be3 $1 $18 Nd3 (23... Bxh2+ $2 24. Kh1 Nb7 25. Qxa6) 24. Qxe4 Nxb2 (24... Bxh2+ $2 25. Kh1 Nxb2 26. Qe6+ Qf7 27. Kxh2 $18) 25. Rac1 Bxh2+ (25... Qd7 26. Bd4 Rfe8) 26. Kh1 Qe5 27. Qg4 Rd7 28. Bd4 (28. Nh6+ $142 Kh8 29. Rc8 $3 Rxc8 30. Nf7+ $1 Kg8 31. Nxe5 Bxe5 32. Qxd7) 28... Qxd5 29. Bxb2 h5 30. Qxh5 {[%emt 0:01:42] White threatens Ne7+ and mate.} Be5 {[%emt 0:01:05] [#]} 31. Rcd1 $1 Qb5 (31... Qf7 32. Qg4) 32. Ba3 (32. Bxe5 $142 Ra7 33. Bd6) 32... Rff7 {[%emt 0:04:26] [#]} 33. Ne7+ $1 Rfxe7 34. Bxe7 {[%emt 0:00:05] Qe8+ is the strong threat.} Rd5 35. Qf3 Bd4 36. g4 ({Not} 36. Qh3 $2 {[#]} Rh5 $1 37. Rf3 Rxh3+ 38. Rxh3 Qe2 $1 39. Rxd4 Qe1+ 40. Kh2 Qe5+ 41. Rg3 Qxd4 $19) 36... Qd7 37. Rfe1 Rxa5 38. Bb4 Rg5 39. Qa8+ {[%emt 0:00:37] White mates.} Kh7 40. Qe4+ f5 {[%emt 0:00:23] [#]} 41. Rxd4 $1 Qc7 (41... fxe4 42. Rxd7) 42. Qf3 Rg6 43. g5 {[%emt 0:02:42] Weighted Error Value: White=0.18 (very precise) /Black=0.73} (43. Kg2 $142 Qc8 44. Rh1+ Rh6 45. Rxh6+ gxh6 46. gxf5 Qc7 47. Bc3 Qg7+ 48. Kh3) 1-0

[Event "Mitropa Cup Open 2022"]
[Site "Corte"]
[Date "2022.05.06"]
[Round "7.6"]
[White "Druska, Juraj"]
[Black "Krastev, Alexander"]
[Result "0-1"]
[ECO "A28"]
[WhiteElo "2508"]
[BlackElo "2412"]
[Annotator "TA"]
[PlyCount "70"]
[EventDate "2022.04.30"]
[EventType "team-tourn"]
[EventCountry "FRA"]
[SourceTitle "playchess.com"]
[Source "ChessBase"]
[SourceQuality "1"]
[WhiteTeam "Slovakia"]
[BlackTeam "Germany"]
[WhiteTeamCountry "SVK"]
[BlackTeamCountry "GER"]
[TimeControl "40/5400+30:1800+30"]

1. c4 Nf6 2. Nc3 e5 3. Nf3 Nc6 4. e3 Bb4 5. Qc2 O-O 6. Nd5 Re8 7. Nxb4 {[%emt 0:40:31] A28: English Opening: Four Knights Variation.} (7. Ng5 $11) 7... Nxb4 $15 8. Qb3 c5 9. a3 {[%emt 0:02:33] [#] Black is slightly better.} Qa5 $146 ({Predecessor:} 9... Nc6 10. d3 d5 11. cxd5 Nxd5 12. Be2 b6 13. O-O a5 14. Qc2 Ba6 15. b3 Ra7 {1-0 (47) Lenic,L (2595)-Jovanic,O (2533) Nova Gorica 2010}) 10. Rb1 Nc6 11. Qb5 Qc7 12. d3 $1 d6 13. Be2 Bf5 {[%emt 0:01:03] ...e4 is the strong threat.} 14. e4 {[#] This costs White the game.} ({White should play} 14. Nh4 $15 Bd7 15. Qb3) 14... Nxe4 $1 $19 {[%emt 0:04:31] Threatens to win with ...Nf6.} 15. Nh4 {[%emt 0:10:31] [#]} ({But not} 15. dxe4 Bxe4 16. Nd2 (16. Ra1 $2 Bc2 $19) 16... Bc2) (15. O-O {might work better.}) 15... Nd4 $1 16. Qa4 {[%emt 0:00:06] [#]} Bd7 17. Qd1 Nf6 {[%emt 0:04:13] Pair of Knights!} 18. O-O (18. Bg5 $142) 18... a5 19. Bg5 Re6 {[%emt 0:00:27] Black is much more active. The white rooks are badly placed.} 20. Nf3 Nxe2+ 21. Qxe2 Bc6 22. Nd2 Nd7 {[%emt 0:00:36] Strongly threatening ...Rg6.} 23. f3 a4 24. Ne4 Nf8 25. Qe1 (25. Be3 {keeps fighting.}) 25... Rg6 {[%emt 0:05:41] And now ...Bxe4 would win.} 26. h4 f5 27. h5 Re6 28. Nc3 f4 29. g4 fxg3 30. Qxg3 h6 31. Bd2 Qf7 32. Qh4 Nd7 ({Wrong is} 32... Bxf3 $2 33. Qh3 Rf6 34. Ne4 Bxe4 35. Rxf6 Qxf6 36. Rf1 $19) 33. f4 Nf6 {[%emt 0:00:31] Hoping for ...exf4.} 34. f5 Re7 35. Ne4 (35. Rbe1 {was worth a try.}) 35... Bxe4 {[%emt 0:01:16] Weighted Error Value: White=0.33/Black=0.10 (very precise)} 0-1

[Event "Mitropa Cup Open 2022"]
[Site "Corte"]
[Date "2022.05.06"]
[Round "7.6"]
[White "Shengelia, David"]
[Black "Humeau, Cyril"]
[Result "1-0"]
[ECO "A18"]
[WhiteElo "2484"]
[BlackElo "2290"]
[Annotator "TA"]
[PlyCount "41"]
[EventDate "2022.04.30"]
[EventType "team-tourn"]
[EventCountry "FRA"]
[SourceTitle "playchess.com"]
[Source "ChessBase"]
[SourceQuality "1"]
[WhiteTeam "Austria"]
[BlackTeam "France"]
[WhiteTeamCountry "AUT"]
[BlackTeamCountry "FRA"]
[TimeControl "40/5400+30:1800+30"]

1. c4 Nf6 2. Nc3 e6 3. e4 d5 4. e5 d4 5. exf6 dxc3 6. bxc3 Qxf6 7. Nf3 c5 8. d4 h6 9. Bd3 Nc6 10. O-O {[%emt 0:01:34] aiming for d5.} cxd4 {[%emt 0:05:36] A18: English Opening: Flohr-Mikenas System (1 c4 Nf6 2 Nc3 e6 3 e4).} 11. cxd4 Nxd4 12. Nxd4 Qxd4 {[%emt 0:00:08] The position is equal.} 13. Rb1 Bd6 (13... Bc5 $11) 14. Bb2 $16 {[%emt 0:00:56][%mdl 1024] White has strong compensation.} Qh4 {[%emt 0:02:04][%csl Gd6][%cal Rh4h2] [#]} 15. g3 Qg5 16. h4 $36 {[%emt 0:00:11][%mdl 2048] White is on the roll.} Qe7 (16... Qc5 $16 {was called for.}) 17. Qg4 $18 ({Weaker is} 17. Bxg7 Rg8 18. c5 (18. Bxh6 $2 Qxh4 19. Rb2 Bc5 $19) 18... Bxg3 19. Bb5+ Bd7 20. Bxd7+ Qxd7 21. Qxd7+ Kxd7 22. fxg3 Rxg7 $11) 17... f6 (17... Rg8 {was worth a try.}) 18. Bg6+ Kf8 $2 (18... Kd8 19. Be4 Bc5) 19. Rfd1 {[%emt 0:00:55][%cal Od1d6] [#] Black must now prevent Rxd6!} Bc5 20. Qf3 Rb8 $2 {[%emt 0:04:04] [#]} (20... h5 21. Qd3 (21. Bxh5 Bxf2+ 22. Kxf2 Qc5+ 23. Ke2 Qxh5 $18) 21... Rh6 22. Qd8+ Qxd8 23. Rxd8+ Ke7 24. Re8+ Kd7 25. Rd1+ Bd6) 21. Qd3 $146 {[%emt 0:02:26] Weighted Error Value: White=0.15 (very precise) /Black=0.80} ({Predecessor:} 21. Be5 Ra8 22. Rb5 Ba3 23. c5 {1-0 (23) Dobrowolski,M-Talv,F GER corr 1980}) 1-0

[Event "Mitropa Cup Open 2022"]
[Site "Corte"]
[Date "2022.05.06"]
[Round "7.7"]
[White "Koelle, Tobias"]
[Black "Sahidi, Samir"]
[Result "1/2-1/2"]
[ECO "D43"]
[WhiteElo "2431"]
[BlackElo "2459"]
[Annotator "TA"]
[PlyCount "115"]
[EventDate "2022.04.30"]
[EventType "team-tourn"]
[EventCountry "FRA"]
[SourceTitle "playchess.com"]
[Source "ChessBase"]
[SourceQuality "1"]
[WhiteTeam "Germany"]
[BlackTeam "Slovakia"]
[WhiteTeamCountry "GER"]
[BlackTeamCountry "SVK"]
[TimeControl "40/5400+30:1800+30"]

1. d4 Nf6 2. c4 e6 3. Nf3 d5 4. Nc3 c6 5. Bg5 h6 6. Bxf6 Qxf6 7. e3 Nd7 8. Bd3 Bd6 9. O-O Qe7 10. cxd5 {[%emt 0:06:49] D43: Semi-Slav: 5 Bg5 h6.} exd5 11. e4 dxe4 12. Re1 O-O (12... f5 $2 {[#]} 13. Nxe4 $1 O-O 14. Neg5 $1 Bxh2+ 15. Kxh2 $18) 13. Bxe4 Qd8 14. Bc2 Nf6 {[%emt 0:00:37] [#]} 15. Ne5 $146 ({Predecessor:} 15. Qd3 Be6 16. h4 Re8 17. h5 Qa5 18. Ne4 Nxe4 19. Qxe4 Kf8 20. Qh7 Rad8 21. g4 {1-0 (38) Bu,X (2656)-Zhang,P (2657) Shandong 2007}) 15... Re8 16. Qf3 Be6 17. Ne4 Bxe5 18. dxe5 Nxe4 19. Qxe4 {[%emt 0:01:35] Strongly threatening Rad1.} ({Don't play} 19. Rxe4 Bd5 20. Qg4 Bxe4 21. Qxe4 g6 $17) 19... g6 20. Qe3 Kg7 21. Bb3 Qb6 22. Rad1 (22. Bxe6 $11 Qxe3 23. Rxe3 Rxe6 24. Rd1) 22... Qxe3 23. Rxe3 Rad8 (23... Bxb3 {looks sharper.} 24. Rxb3 Rxe5 25. Rxb7 Rd8) 24. Rxd8 $1 Rxd8 $11 {[%mdl 4096] Endgame KRB-KRB} 25. Kf1 Rd2 26. Re2 Rd4 27. Re3 g5 28. Ke2 (28. Bxe6 $11 fxe6 29. Rb3) 28... c5 29. Bxe6 fxe6 {[%emt 0:00:14] KR-KR} 30. Rb3 Rd7 ({Black should try} 30... b6 $15) 31. g3 {[%emt 0:08:20] The position is equal.} g4 32. f3 h5 33. fxg4 hxg4 34. Ra3 Kg6 35. Rxa7 Kf5 36. a4 Rd4 37. Rxb7 {[%emt 0:00:15] Threatens to win with a5.} Rxa4 38. Rb5 Re4+ 39. Kd3 Rxe5 40. b4 cxb4 41. Rxb4 Rd5+ 42. Ke3 e5 43. Rb8 Ra5 44. Rf8+ Ke6 45. Re8+ Kf6 46. Rf8+ Kg7 47. Rb8 Kf6 48. Rf8+ Ke7 49. Rh8 Ra4 50. h3 gxh3 51. Rxh3 Ke6 52. Rh8 Ra1 53. Re8+ Kf5 54. Rf8+ Ke6 55. Re8+ Kf6 56. Rf8+ Ke7 57. Rb8 Ke6 58. Ke4 {Weighted Error Value: White=0.04 (flawless) /Black=0.04 (flawless)} 1/2-1/2

[Event "Mitropa Cup Open 2022"]
[Site "Corte"]
[Date "2022.05.06"]
[Round "7.7"]
[White "Roux, Baptiste"]
[Black "Diermair, Andreas"]
[Result "0-1"]
[ECO "B13"]
[WhiteElo "2072"]
[BlackElo "2461"]
[Annotator "TA"]
[PlyCount "134"]
[EventDate "2022.04.30"]
[EventType "team-tourn"]
[EventCountry "FRA"]
[SourceTitle "playchess.com"]
[Source "ChessBase"]
[SourceQuality "1"]
[WhiteTeam "France"]
[BlackTeam "Austria"]
[WhiteTeamCountry "FRA"]
[BlackTeamCountry "AUT"]
[TimeControl "40/5400+30:1800+30"]

1. e4 c6 2. d4 d5 3. exd5 cxd5 4. Nf3 a6 5. Bd3 Nc6 6. c3 {[%emt 0:03:45] B13: Caro-Kann: Exchange Variation and Panov-Botvinnik Attack.} Bg4 7. O-O e6 8. Nbd2 {[%emt 0:06:07] The position is equal.} Bd6 9. Re1 Nge7 {[%emt 0:08:27] [#]} 10. Qe2 $146 ({Predecessor:} 10. Nf1 h6 11. Ng3 Qc7 12. Be2 Ng6 13. Be3 O-O 14. Nf1 Na5 15. N3d2 Bxe2 16. Qxe2 {0-1 (66) Huber,W (2090)-Lendwai,R (2371) Oberwart 1999}) 10... Bh5 11. Qe3 Bg6 12. Nb3 Qc7 13. g3 Rc8 14. Bd2 O-O 15. Bxg6 Nxg6 16. Qd3 Rfd8 17. Ng5 Nf8 18. f4 Ne7 19. Be3 Qc4 (19... g6 $15) 20. Rad1 (20. Qxc4 $11 Rxc4 21. Nf3) 20... b5 21. Nc5 Bxc5 22. dxc5 Qxa2 23. Ra1 Qc4 (23... Qxb2 $2 24. Reb1 Qxa1 25. Rxa1 $18) 24. Qxc4 bxc4 25. Rxa6 Nd7 26. Rea1 (26. g4 $11) 26... h6 $17 ({Much weaker is} 26... Nxc5 27. Bxc5 Rxc5 28. Ra7 $11) 27. Nf3 Nxc5 28. Ra7 Nf5 29. Bxc5 Rxc5 30. Rb7 {[%emt 0:00:12] Inhibits Rb5.} ({White should play} 30. g4 $15 Nd6 31. R1a6) 30... Nd6 31. Rb6 Rb5 $36 {[%emt 0:01:03][%mdl 2048] Black is really pushing.} 32. Raa6 Rxb6 33. Rxb6 {[%emt 0:00:02][%mdl 4096] Endgame KRN-KRN} Ne4 34. Ne5 Ra8 35. Kg2 Nc5 36. Rb5 Rc8 37. h4 {[#]} (37. Kf3 $17) 37... h5 $1 $19 38. Nf3 f6 (38... g6 $19 39. Ne5 Rc7) 39. Nd4 Kf7 40. Rb6 Rc7 41. f5 (41. Rb5 $17) 41... e5 42. Nc2 {[%emt 0:00:10] [#]} (42. Nc6) 42... Rb7 $1 43. Rxb7+ Nxb7 {[%emt 0:00:03] KN-KN} 44. Ne3 Nd6 45. Nxd5 Nxf5 46. Kf3 Ke6 47. Nb6 (47. Nb4 e4+ 48. Kf4) 47... Nd6 48. Ke3 Kf5 (48... g5 $142 {White must now prevent ...gxh4.} 49. Kf2 g4) 49. Kf3 Ke6 {[%emt 0:03:05] Prevents Nd5.} (49... e4+ $142 50. Kf2 Kg4) 50. Ke3 g5 51. Kf2 gxh4 52. gxh4 f5 {[%emt 0:00:13][%cal Bf6f5,Bf5f4][%mdl 32] Threatens to win with ...f4.} 53. Ke3 f4+ 54. Kf3 Kf5 55. Nd5 e4+ 56. Kf2 Kg4 {[%emt 0:00:37] And now ...f3 would win.} 57. Kg2 e3 58. Nf6+ Kxh4 59. Kf3 Nf7 {[%emt 0:03:31] ( -> ...Ne5+)} 60. Nd5 Ne5+ 61. Kxf4 {[%emt 0:01:41] [#]} e2 $1 {[%emt 0:00:07] Black mates.} 62. Ne3 (62. Kxe5 e1=Q+) 62... Nd3+ 63. Kf3 e1=Q 64. Ng2+ Kg5 65. Nxe1 Nxe1+ 66. Ke2 Nd3 67. b4 {[%emt 0:00:21] [#]} cxb3 $1 {[%emt 0:01:37] Weighted Error Value: White=0.75/Black=0.19 (very precise)} 0-1